 Dungeon Crawl Stone Soup version 0.28.0-53-g5a82cb258f (webtiles) character file.

Game seed: 10441512547427611726

8252 DearestLeader the Frost Mage (level 11, -2/86 HPs)
             Began as a Green Draconian Ice Elementalist on May 30, 2022.
             Was an Elder of Vehumet.
             Engulfed by a cloud of steam (13 damage)
             ... on level 9 of the Dungeon.
             The game lasted 00:25:48 (11325 turns).

DearestLeader the Frost Mage (DrIE)                Turns: 11325, Time: 00:25:48

Health: -2/86      AC: 10    Str: 10    XL:     11   Next: 7%
Magic:  11/18      EV: 13    Int: 21    God:    Vehumet [****..]
Gold:   348        SH:  0    Dex: 11    Spells: 6/20 levels left

rFire   . . .      SeeInvis .   q - staff of conjuration
rCold   . . .      Faith    .   (no shield)
rNeg    + . .      Spirit   .   (armour unavailable)
rPois   +          Reflect  .   C - +0 hat
rElec   .          Harm     .   m - +0 cloak
rCorr   .          Rampage  .   c - +0 pair of gloves
Will    .....      Clarity  +   a - +0 pair of boots
Stlth   ++........              (no amulet)
HPRegen 0.24/turn               l - ring of positive energy
MPRegen 0.16/turn               E - ring of wizardry

@: no status effects
A: breathe noxious fumes, AC +7, unfitting armour, poison resistance,
cold-blooded, clarity
a: Breathe Noxious Fumes, Renounce Religion


You were on level 9 of the Dungeon.
You worshipped Vehumet.
Vehumet was greatly pleased with you.
You visited 2 branches of the dungeon, and saw 10 of its levels.
You also visited: Sewer.

You collected 514 gold pieces.
You spent 166 gold pieces at shops.

Inventory:

Hand Weapons
 b - a +0 dagger
 e - a +1 flail of holy wrath
 i - a +4 dagger
 n - a +3 quarterstaff of chaos
 w - a +1 whip of flaming
Missiles
 r - 2 throwing nets
Armour
 a - a +0 pair of boots (worn)
 c - a +0 pair of gloves (worn)
 m - a +0 cloak (worn)
 C - a +0 hat (worn)
Magical Staves
 q - a staff of conjuration (weapon)
Jewellery
 l - a ring of positive energy (left hand)
 A - a ring of fire
 E - a ring of wizardry (right hand)
Wands
 f - a wand of mindburst (16)
 j - a wand of paralysis (19)
 F - a wand of flame (22)
Scrolls
 d - 3 scrolls of teleportation
 o - 2 scrolls of summoning
 p - a scroll of brand weapon
 v - 2 scrolls of magic mapping
Potions
 g - a potion of curing
 h - a potion of brilliance {unknown}
 s - 2 potions of flight
 x - a potion of heal wounds
 z - a potion of berserk rage
 B - a potion of magic {unknown}


   Skills:
 - Level 5.0 Fighting
 + Level 6.5 Staves
 + Level 4.1 Dodging
 - Level 3.0 Stealth
 + Level 5.2 Spellcasting
 * Level 7.5 Conjurations
 + Level 4.2 Summonings
 - Level 10.0 Ice Magic
 - Level 5.0 Poison Magic


You had 6 spell levels left.
You knew the following spells:

 Your Spells              Type           Power      Damage    Failure   Level
a - Freeze                Ice            100%       1d11      1%          1
b - Frozen Ramparts       Ice            94%        1d11      1%          3
c - Ozocubu's Armour      Ice            47%        N/A       1%          3
d - Poisonous Vapours     Pois/Air       32%        N/A       1%          2
e - Searing Ray           Conj           100%       2d8       1%          2
f - Call Canine Familiar  Summ           23%        N/A       2%          3

Your spell library contained the following spells:

 Spells                   Type           Power      Damage    Failure   Level
 Airstrike                Air            2%         N/A       12%         4
 Sting                    Tmut/Pois      64%        1d6       1%          1
 Summon Small Mammal      Summ           92%        N/A       1%          1
 Ensorcelled Hibernation  Hex/Ice        52%        N/A       1%          2
 Hailstorm                Conj/Ice       59%        3d13      1%          4
 Summon Ice Beast         Ice/Summ       35%        N/A       2%          4
 Apportation              Tloc           10%        N/A       4%          1
 Slow                     Hex            20%        N/A       4%          1
 Summon Guardian Golem    Hex/Summ       14%        N/A       5%          3
 Confusing Touch          Hex            5%         N/A       13%         3
 Tukima's Dance           Hex            5%         N/A       13%         3
 Vampiric Draining        Necr           5%         2d6       13%         3
 Anguish                  Hex/Necr       2%         N/A       38%         4
 Alistair's Intoxication  Tmut/Pois      10%        N/A       38%         5
 Enfeeble                 Hex            2%         N/A       100%        7


Dungeon Overview and Level Annotations

Branches:
Dungeon (9/15)             Temple (1/1) D:4           Sewer (visited)
   Lair: D:8-11         Orc: D:9-12

Altars:
Ashenzari
Cheibriados
Elyvilon
Fedhas
Gozag
Hepliaklqana
Kikubaaqudgha
Makhleb
Nemelex Xobeh
Okawaru
Qazlal
Ru
Sif Muna
Trog
Uskayaw
Vehumet
Wu Jian
Xom
Yredelemnul
Zin
The Shining One

Shops:
D:7 ![??*   D:9 :

Annotations:
D:8 Harold


Innate Abilities, Weirdness & Mutations

You can breathe blasts of noxious fumes.
Your lurid green scales are hard. (AC +7)
You cannot fit into any form of body armour.
Your system is resistant to poisons. (rPois)
You are cold-blooded and may be slowed by cold attacks.
You possess an exceptional clarity of mind.


Message History

Confirm with . or Enter, or press ? or * to list all spells.
Aiming: Searing Ray (safe; 1% risk of failure)
Press: ? - help, Shift-Dir - straight line, f/p - steam dragon
Aim: a steam dragon (steam, moderately wounded, poisoned, 83% to hit)
You feel a surge of power!
The searing ray hits the steam dragon!
The steam dragon is severely wounded. (Press . to maintain the ray.)
The searing ray misses the steam dragon.
The steam dragon breathes steam at you. The ball of steam hits you!
You hear an angry hiss.
The searing ray hits the steam dragon.
The steam dragon is almost dead.
You are engulfed in a cloud of scalding steam.
You barely miss the steam dragon.
The steam dragon is almost dead.
You are engulfed in a cloud of scalding steam.
The steam dragon bites you but does no damage.
The steam dragon claws you but does no damage.
You hit the steam dragon but do no damage.
The steam dragon is almost dead.
You are engulfed in a cloud of scalding steam.
Unknown command.
The steam dragon breathes steam at you. The ball of steam hits you!!
* * * LOW HITPOINT WARNING * * *
You hear an angry hiss.
Casting: Searing Ray (safe; 1% risk of failure)
Confirm with . or Enter, or press ? or * to list all spells.
Aiming: Freeze (safe; 1% risk of failure)
Press: ? - help, Shift-Dir - straight line, f/p - steam dragon
Aim: a steam dragon (almost dead, poisoned, catching its breath)
You freeze the steam dragon.
You kill the steam dragon!
Vehumet accepts your kill.
You feel your power returning.
You are engulfed in a cloud of scalding steam.
* * * LOW HITPOINT WARNING * * *
You are engulfed in a cloud of scalding steam.
You die...

# ### ## #. #########.#
#..#.###.†§.§§...##
...#......§@###....##
..........####..##..#### ###
.D...#####.# #######...###.. ...#
### ####...## .. ##### ####
##################### ######
...###.......)##.........###.#...


There were no monsters in sight!

Vanquished Creatures
  Erolcha (D:9)
  A hydra (D:9)
  2 two-headed ogres
  2 komodo dragons (D:9)
  A wraith (D:5)
  2 wyverns (D:9)
  9 yaks
  2 steam dragons
  A water moccasin (D:8)
  3 orc warriors
  2 black bears
  An ice beast (D:8)
  2 necrophages
  2 ogres
  A phantom (D:3)
  3 kobold brigands
  6 bullfrogs
  A gnoll sergeant (D:4)
  A scorpion (D:7)
  4 killer bees (D:9)
  An electric eel (D:6)
  2 centaur zombies
  5 hounds
  4 jellies
  Crazy Yiuf (D:3)
  2 centaur skeletons
  2 gnoll shamans (D:5)
  2 bullfrog skeletons
  4 orc priests
  Jessica (D:3)
  3 iguanas
  Natasha (twice) (D:3)
  7 orc wizards
  2 howler monkey zombies (D:9)
  14 gnolls
  10 adders
  A river rat (D:5)
  2 shadow imps (D:7)
  2 dart slugs
  19 orcs
  14 ball pythons
  6 bats
  17 endoplasms
  16 giant cockroaches
  5 goblins
  8 hobgoblins
  10 jackals
  9 quokkas
  8 frilled lizards
  23 kobolds
  7 rats
256 creatures vanquished.

Vanquished Creatures (collateral kills)
  A rat (D:3)
1 creature vanquished.

Grand Total: 257 creatures vanquished

Notes
Turn   | Place    | Note
-------+----------+-------------------------------------------
     0 | D:1      | DearestLeader the Draconian Ice Elementalist began the
                  | quest for the Orb.
     0 | D:1      | Reached XP level 1. HP: 14/14 MP: 3/3
   258 | D:1      | Reached XP level 2. HP: 20/20 MP: 1/5
  1167 | D:2      | Reached XP level 3. HP: 24/26 MP: 2/6
  1331 | D:2      | Learned a level 3 spell: Frozen Ramparts
  1880 | D:2      | Reached skill level 5 in Ice Magic
  2256 | D:3      | Reached XP level 4. HP: 32/33 MP: 3/7
  2302 | D:3      | Noticed Jessica
  2481 | D:3      | Noticed a phantom
  2499 | D:3      | Found a faded altar of an unknown god.
  2668 | D:3      | Noticed Natasha
  2677 | D:3      | Killed Natasha
  2881 | D:3      | Reached XP level 5. HP: 38/38 MP: 4/8
  2891 | D:3      | Killed Jessica
  2892 | D:3      | Reached skill level 6 in Ice Magic
  3301 | D:3      | Noticed Natasha
  3311 | D:3      | Killed Natasha
  3389 | D:3      | Killed a phantom
  3390 | D:3      | Reached XP level 6. HP: 27/45 MP: 9/9
  3671 | D:3      | Found a runed translucent door.
  3672 | D:3      | Noticed Crazy Yiuf
  3680 | D:3      | Killed Crazy Yiuf
  4023 | D:4      | Reached skill level 7 in Ice Magic
  4315 | D:4      | Found a snail-covered altar of Cheibriados.
  4315 | D:4      | Found an opulent altar of Gozag.
  4316 | D:4      | Found an ornate altar of the Wu Jian Council.
  4330 | D:4      | Found a glowing silver altar of Zin.
  4526 | D:4      | Reached skill level 1 in Staves
  4526 | D:4      | Your scales start taking on a lurid green colour.
  4526 | D:4      | Reached XP level 7. HP: 29/50 MP: 6/10
  4526 | D:4      | Gained mutation: Your system is resistant to poisons.
                  | (rPois) [Green Draconian growth]
  4668 | D:4      | Reached skill level 8 in Ice Magic
  4709 | D:4      | Found a staircase to the Ecumenical Temple.
  4741 | Temple   | Entered the Ecumenical Temple
  4748 | Temple   | Became a worshipper of Vehumet
  4782 | D:4      | Found a bloodstained altar of Trog.
  5468 | D:4      | Found a stormy altar of Qazlal.
  5584 | D:5      | Entered Level 5 of the Dungeon
  5700 | D:5      | HP: 1/50 [gnoll/+0 halberd (12)]
  5723 | D:5      | Reached skill level 9 in Ice Magic
  5730 | D:5      | Found a glowing drain.
  5741 | D:5      | Reached * piety under Vehumet
  5741 | D:5      | Offered knowledge of Shock by Vehumet.
  5792 | Sewer    | Entered a sewer
  5980 | Sewer    | Reached XP level 8. HP: 50/57 MP: 11/11
  5988 | Sewer    | Learned a level 3 spell: Ozocubu's Armour
  6131 | Sewer    | Reached ** piety under Vehumet
  6131 | Sewer    | Offered knowledge of Poisonous Vapours by Vehumet.
  6140 | Sewer    | Learned a level 2 spell: Poisonous Vapours
  6261 | Sewer    | Reached skill level 1 in Conjurations
  6261 | Sewer    | Reached skill level 1 in Poison Magic
  6328 | D:5      | Reached skill level 1 in Fighting
  7520 | D:6      | Reached XP level 9. HP: 46/68 MP: 7/13
  7767 | D:6      | Offered knowledge of Searing Ray by Vehumet.
  7771 | D:6      | Learned a level 2 spell: Searing Ray
  8133 | D:6      | Found a glowing golden altar of the Shining One.
  8166 | D:6      | Found an iron altar of Okawaru.
  8587 | D:7      | Found Geiqip Gofu's Antique Armour Shop.
  8590 | D:7      | Found Qukaprir's Magic Scroll Shop.
  8593 | D:7      | Found Bohas's Distillery.
  8594 | D:7      | Found Ugrafugo's Magic Scroll Shop.
  8610 | D:7      | Bought a potion of curing for 36 gold pieces
  8760 | D:7      | Reached *** piety under Vehumet
  8761 | D:7      | Reached skill level 5 in Poison Magic
  8898 | D:7      | Found Ussaetai's Assorted Antiques.
  8904 | D:7      | Bought a bronze ring for 130 gold pieces
  8989 | D:7      | Learned a level 3 spell: Call Canine Familiar
  9357 | D:8      | Offered knowledge of Mephitic Cloud by Vehumet.
  9371 | D:8      | Reached skill level 1 in Summonings
  9630 | D:8      | Reached skill level 5 in Conjurations
  9632 | D:8      | Reached XP level 10. HP: 65/78 MP: 11/16
  9634 | D:8      | Reached skill level 5 in Staves
  9638 | D:8      | Reached skill level 10 in Ice Magic
  9774 | D:8      | Noticed a two-headed ogre
  9785 | D:8      | Killed a two-headed ogre
  9786 | D:8      | Reached skill level 5 in Spellcasting
  9921 | D:8      | Noticed Harold
  9925 | D:8      | Noticed a centaur warrior
 10211 | D:9      | Found Huhopt's Book Shop.
 10215 | D:9      | Noticed a two-headed ogre
 10231 | D:9      | Killed a two-headed ogre
 10416 | D:9      | Noticed Erolcha
 10416 | D:9      | HP: 4/80 [orc warrior/+0 trident (9)]
 10419 | D:9      | Reached skill level 5 in Fighting
 10420 | D:9      | Gained mutation: You possess an exceptional clarity of
                  | mind. [potion of mutation]
 10434 | D:9      | Killed Erolcha
 10617 | D:9      | Reached **** piety under Vehumet
 10907 | D:9      | Offered knowledge of Airstrike by Vehumet.
 10916 | D:9      | Found a sparkling altar of Nemelex Xobeh.
 11018 | D:9      | Got the Handbook of Poisoning and Cold
 11226 | D:9      | Noticed a four-headed hydra
 11236 | D:9      | Killed a four-headed hydra
 11237 | D:9      | Reached XP level 11. HP: 71/86 MP: 7/18
 11325 | D:9      | Engulfed by a cloud of steam

Illustrated notes

Levels and vault maps discovered:
D:1:      psy_arrival_dodecagon, layout_basic
D:2:      layout_loops_ring, minmay_misc_feat_five, hangedman_decor_riveting
D:3:      layout_loops_corners, chequers_ecumenical_altar_island,
          chequers_serial_rivers_micro_d, chequers_avenue, feat_on_display,
          uniq_jessica, uniq_crazy_yiuf_cottage, uniq_natasha
D:4:      layout_layer_cave, kennysheep_mini_moat, trog_hazing_becter,
          nicolae_overflow_quartered_altars, minmay_temple_entry_trees,
          grunt_tough_drop
D:5:      layout_gridville, portal_sewer_entry_b
D:6:      layout_basic, overflow_temple_1_default, lemuel_crystal_altar,
          grunt_ministairs_2, minivault_14, corner_web_ring
D:7:      layout_rooms, nicolae_overflow_hidden_temple, serial_shops,
          kennysheep_little_box, minmay_shop_grid_forest
D:8:      layout_loops_ring, kb_rosetta, uniq_harold
D:9:      layout_basic, nemelex_diamond_rough_becter, erik_lair_dragon,
          serial_shops, shop, uniq_erolcha
Temple:   nicolae_temple_no_exploring_needed

Skill      XL: |  1  2  3  4  5  6  7  8  9 10 |
---------------+-------------------------------+-----
Stealth        | 2 3 |  3.0
Dodging        | 2 3 4 |  4.1
Ice Magic      | 5 6 7 9 10 | 10.0
Staves         | 1 3 4 6 |  6.5
Conjurations   | 3 5 7 |  7.5
Poison Magic   | 3 5 |  5.0
Fighting       | 2 4 5 |  5.0
Spellcasting   | 3 4 5 |  5.2
Summonings     | 1 4 |  4.2

Action                   |  1- 3 |  4- 6 |  7- 9 | 10-12 || total
-------------------------+-------+-------+-------+-------++-------
Melee: Dagger            |    66 |    74 |       |       ||   140
       Unarmed           |     1 |       |       |       ||     1
       Tailslap          |     9 |     8 |    34 |    17 ||    68
       Punch             |     2 |     1 |       |       ||     3
       Quarterstaff      |       |    19 |   291 |    52 ||   362
       Staff             |       |       |       |     8 ||     8
 Cast: Freeze            |    34 |     6 |       |     3 ||    43
       Frozen Ramparts   |     3 |     7 |    17 |    12 ||    39
       Poisonous Vapours |       |       |    13 |     4 ||    17
       Ozocubu's Armour  |       |       |     2 |     3 ||     5
       Searing Ray       |       |       |     2 |    10 ||    12
       Call Canine Famil |       |       |     1 |       ||     1
 Abil: Breathe Noxious F |       |       |       |     1 ||     1
  Use: Scroll            |       |     4 |    10 |     3 ||    17
       Potion            |       |       |     1 |     3 ||     4
 Stab: Sleeping          |     3 |     3 |     5 |     1 ||    12
       Paralysed         |       |     2 |       |     2 ||     4
       Petrifying        |       |       |     3 |       ||     3
Armor: Skin              |    31 |    48 |   154 |    30 ||   263
Dodge: Dodged            |    44 |    62 |   228 |    58 ||   392
